 Dungeon Crawl Stone Soup version 0.24.1 (webtiles) character file.

Game seed: 3353089629407843206, levelgen mode: deterministic

53 MajorAdolf the Sneak (level 3, -1/31 HPs)
             Began as a Naga Wanderer on Mar 27, 2020.
             Slain by an adder (4 damage)
             ... on level 2 of the Dungeon.
             The game lasted 00:05:30 (1670 turns).

MajorAdolf the Sneak (Naga Wanderer)                Turns: 1670, Time: 00:05:30

Health: -1/31      AC:  2    Str: 14    XL:     3   Next: 87%
Magic:  4/4        EV:  9    Int: 14    God:
Gold:   79         SH:  0    Dex:  9    Spells: 3/4 levels left

rFire    . . .     SeeInvis +   h - +0 hunting sling
rCold    . . .     Gourm    .   (no shield)
rNeg     . . .     Faith    .   d - +0 robe
rPois    +         Spirit   .   (no helmet)
rElec    .         Reflect  .   (no cloak)
rCorr    .         Harm     .   (no gloves)
MR       .....                  (no barding)
Stlth    ++........             (no amulet)
HPRegen  0.10/turn              (no ring)
MPRegen  0.09/turn              (no ring)

@: lethally poisoned (-1 -> -6), short of breath, very slow
A: large, see invisible, deformed body, poison resistance, slowness 2, slow
metabolism 1, spit poison 1, AC +1
a: Spit Poison


You were on level 2 of the Dungeon.
You were not hungry.

You visited 1 branch of the dungeon, and saw 2 of its levels.

You collected 79 gold pieces.

Inventory:

Hand Weapons
 a - a +2 short sword
 h - a +0 hunting sling (weapon)
Missiles
 c - 19 stones (quivered)
 e - 26 bolts
Armour
 d - a +0 robe (worn)
Jewellery
 n - an uncursed ring of ice {unknown}
Scrolls
 g - 3 scrolls of remove curse {unknown}
 j - 2 scrolls of amnesia {unknown}
 k - 2 scrolls of enchant weapon {unknown}
 l - a scroll of magic mapping {unknown}
 p - a scroll of identify {unknown}
Potions
 b - a potion of lignification
 i - a potion of might {unknown}
 m - a potion of curing {unknown}
Comestibles
 f - 3 rations


   Skills:
 - Level 1.0 Fighting
 - Level 2.0 Short Blades
 + Level 2.0(2.1) Slings
 - Level 1.0(1.6) Throwing
 + Level 3.7 Stealth
   Level 1.0 Shields
 - Level 1.0 Spellcasting
   Level 2.0 Charms
 - Level 2.0 Summonings


You had 3 spell levels left.
You knew the following spells:

 Your Spells              Type           Power        Failure   Level  Hunger
a - Summon Small Mammal   Summ           #...         12%         1    ##.....

Your spell library contained the following spells:

 Spells                   Type           Power        Failure   Level  Hunger
 Recall                   Summ/Tloc      N/A          45%         3    ####...


Dungeon Overview and Level Annotations

Branches:
Dungeon (2/15)

Altars:
Okawaru
Yredelemnul

Annotations:
D:2 exclusion: ogre


Innate Abilities, Weirdness & Mutations

You cannot wear boots.
Your serpentine skin is tough. (AC +1)
You have supernaturally acute eyesight. (SInv)
Armour fits poorly on your strangely shaped body.
Your system is resistant to poisons. (rPois)
You cover ground very slowly.
You have a slow metabolism.
You can spit poison.


Message History

Press: ? - help, Shift-Dir - straight line, f/p - adder
Aim: an adder (heavily wounded)
You shoot a stone. The stone misses the adder.
The adder bites you but does no damage. The goblin hits you with a +0 club.
The adder barely misses you.
Firing (i - inventory)
c - 21 stones (quivered)
Press: ? - help, Shift-Dir - straight line, f/p - adder
Aim: an adder (heavily wounded)
You shoot a stone. The stone closely misses the adder.
The adder bites you. The goblin hits you with a +0 club.
* * * LOW HITPOINT WARNING * * *
Firing (i - inventory)
c - 20 stones (quivered)
Press: ? - help, Shift-Dir - straight line, f - goblin, p - adder
Aim: a goblin, wielding a +0 club (moderately wounded)
You shoot a stone. The stone closely misses the goblin.
The adder bites you.
* * * LOW HITPOINT WARNING * * *
You are lethally poisoned!
The adder poisons you! The goblin hits you but does no damage.
The adder bites you.
You die...

## ##### #### #.
#...#########..####.
#...#...............
#...#..........####. .#.
#(..#..........# #.
....!#.S............#####
.(..(.(g@..###<..........
.......#...#......#.####.
.......#...#....###.# #.
.....g.#...#....# #.# #.
.$..(.##...#....# #.####.
++((## ##........ #......
#.# #....###.##.##### ..
................
...#.........


You could see an adder and a goblin.

Vanquished Creatures
  An ooze (D:1)
  A dart slug (D:1)
  A leopard gecko (D:1)
  A ball python (D:2)
  8 bats
  5 giant cockroaches
  2 gnoll zombies (D:2)
  5 goblins
  5 hobgoblins
  2 jackals (D:1)
  3 frilled lizards
  3 kobolds
  3 rats
40 creatures vanquished.

Notes
Turn   | Place    | Note
-------+----------+-------------------------------------------
     0 | D:1      | MajorAdolf the Naga Wanderer began the quest for the Orb.
     0 | D:1      | MajorAdolf set off with the following items: a +2 short
                  | sword, a potion of lignification, a +0 robe, a ration; and
                  | the following spell memorised: Summon Small Mammal; and the
                  | following spells available to memorise: Recall
     0 | D:1      | Reached XP level 1. HP: 18/18 MP: 2/2
    83 | D:1      | Reached skill level 1 in Stealth
   156 | D:1      | Reached skill level 2 in Stealth
   192 | D:1      | Reached XP level 2. HP: 25/25 MP: 3/3
   223 | D:1      | Reached skill level 3 in Stealth
   337 | D:1      | Reached skill level 1 in Slings
   486 | D:1      | Reached XP level 3. HP: 31/31 MP: 4/4
  1386 | D:2      | Found an iron altar of Okawaru.
  1542 | D:2      | Noticed an ogre
  1626 | D:2      | Found a basalt altar of Yredelemnul.
  1670 | D:2      | Slain by an adder

Levels and vault maps discovered:
D:1:      minmay_arrival_shattered_statue, layout_basic, chequers_garden,
          kennysheep_pointless_box, kennysheep_crisscross, minmay_quantized
D:2:      minmay_door_path, layout_basic, grunt_temple_overflow_gold_and_silver,
          okawaru_gym_becter, lemuel_zombie_altar_yredelemnul,
          nicolae_overflow_hidden_temple, serial_bayou_pond_d, uniq_natasha

Skill      XL: |  1  2  3 |
---------------+----------+-----
Stealth        | 2 3 |  3.7
Slings         | 1 2 |  2.0
Fighting       | |  1.0
Short Blades   | |  2.0
Throwing       | |  1.0
Shields        | |  1.0
Spellcasting   | |  1.0
Charms         | |  2.0
Summonings     | |  2.0

Action                   || total
-------------------------++-------
Melee: Short sword       ||     8
 Fire: Hunting sling     ||   107
 Abil: Spit Poison       ||    26
  Eat: Chunk             ||     3
Armor: Robe              ||    17
Dodge: Dodged            ||    32
